 Dungeon Crawl Stone Soup version 0.20.1-1-g8b1a95d (webtiles) character file.

88 vineage the Slasher (level 4, 0/39 HPs)
             Began as a Minotaur Berserker on Oct 26, 2017.
             Was a Believer of Trog.
             Slain by an orc
             ... wielding a +0 dagger
              (2 damage)
             ... on level 3 of the Dungeon.
             The game lasted 00:02:11 (1821 turns).

vineage the Slasher (Minotaur Berserker)            Turns: 1821, Time: 00:02:13

Health: 0/39       AC:  3    Str: 22    XL:     4   Next: 29%
Magic:  3/3        EV: 12    Int:  4    God:    Trog [**....]
Gold:   105        SH:  0    Dex: 10    Spells: 3/3 levels left

rFire    . . .     SeeInvis .   a - +0 falchion
rCold    . . .     Gourm    .   (no shield)
rNeg     . . .     Faith    .   b - +0 animal skin
rPois    .         Spirit   .   (helmet restricted)
rElec    .         Reflect  .   g - +0 cloak
rCorr    .         Harm     .   (no gloves)
MR       +....                  (no boots)
Stlth    +.........             (no amulet)
Regen    0.2/turn               f - ring of protection from magic
MPRegen  0.1/turn               (no ring)

@: no status effects
A: retaliatory headbutt, horns 2
a: Berserk, Trog's Hand, Burn Spellbooks, Renounce Religion


You were on level 3 of the Dungeon.
You worshipped Trog.
Trog was pleased with you.
You were hungry.

You visited 1 branch of the dungeon, and saw 3 of its levels.

You collected 105 gold pieces.

Inventory:

Hand Weapons
 a - a +0 falchion (weapon)
Armour
 b - a +0 animal skin (worn)
 g - a +0 cloak (worn)
Jewellery
 f - a ring of protection from magic (left hand)
 k - an uncursed ring of wizardry {unknown}
 p - a +4 ring of slaying {unknown}
Wands
 r - a wand of flame (20/48)
 s - a wand of random effects (27/48)
Scrolls
 d - 3 scrolls of recharging {unknown}
 e - a scroll of fog {unknown}
 h - 3 scrolls of remove curse {unknown}
 i - a scroll of enchant weapon {unknown}
 j - a scroll of amnesia {unknown}
 l - a scroll of immolation {unknown}
 m - a scroll of noise {unknown}
 o - a scroll of blinking {unknown}
 q - a scroll of teleportation {unknown}
 t - a scroll of identify {unknown}
Comestibles
 c - 5 bread rations


   Skills:
 - Level 3.6 Fighting
 + Level 6.1 Long Blades
 - Level 2.4 Armour
 - Level 2.2 Dodging


You had 3 spell levels left.
You didn't know any spells.

Dungeon Overview and Level Annotations

Branches:
Dungeon (3/15)

Altars:
Hepliaklqana
The Shining One


Innate Abilities, Weirdness & Mutations

You reflexively headbutt those who attack you in melee.
You have a pair of horns on your head.


Message History

The orc wizard barely misses you.
You riposte.
You miss the orc wizard. Your headbutt misses the orc wizard.
The orc wizard is almost dead.
You hit the orc wizard but do no damage.
The orc wizard is almost dead.
The orc hits you with a dagger.
The orc wizard points at you and mumbles some strange words.
The puff of flame hits you!
You hit the orc wizard but do no damage.
The orc wizard is almost dead.
The orc hits you with a flail. The orc closely misses you.
You riposte.
You barely miss the orc. The orc wizard hits you with a dagger.
You are too injured to fight recklessly!
It was a potion of magic.
Magic courses through your body. The orc hits you but does no damage.
The orc priest calls down the wrath of Beogh upon you.
Beogh smites you!
* * * LOW HITPOINT WARNING * * *
The orc hits you with a dagger.
You die...

##### #####.>.##
)....###.## ###.##
##.## .)..#
#..###########.#
###.##
##..##...@oo..... ##
##.###........oo##.###
.. #####.......>.###.#
## ..............# .#
.#####.#......# )# .#
##...#...#.###.#
.###.....#.........
#.#.........#.####.
##..........#...##


You could see an orc priest, an orc wizard and 2 orcs.

Vanquished Creatures
  2 adders (D:2)
  A dart slug (D:1)
  9 orcs (D:3)
  6 bats
  2 giant cockroaches (D:3)
  3 goblins
  13 hobgoblins
  A ball python (D:2)
  4 frilled lizards
  10 kobolds
  2 rats (D:1)
53 creatures vanquished.

Notes
Turn   | Place    | Note
-------+----------+-------------------------------------------
     0 | D:1      | vineage the Minotaur Berserker began the quest for the Orb.
     0 | D:1      | Reached XP level 1. HP: 19/19 MP: 0/0
   106 | D:1      | Reached skill level 4 in Long Blades
   136 | D:1      | Reached XP level 2. HP: 16/26 MP: 1/1
   822 | D:2      | Reached skill level 5 in Long Blades
   836 | D:2      | Found a hazy altar of Hepliaklqana.
   967 | D:2      | Found a glowing golden altar of the Shining One.
   973 | D:2      | Reached XP level 3. HP: 31/31 MP: 2/2
  1183 | D:2      | Reached ** piety under Trog
  1502 | D:3      | Reached XP level 4. HP: 37/39 MP: 3/3
  1508 | D:3      | Reached skill level 6 in Long Blades
  1821 | D:3      | Slain by an orc

Skill      XL: |  1  2  3  4 |
---------------+-------------+-----
Long Blades    | 4 5 6 |  6.1
Fighting       | |  3.6
Armour         | |  2.4
Dodging        | |  2.2

Action                   |  1- 3 |  4- 6 || total
-------------------------+-------+-------++-------
Melee: Falchion          |    74 |    28 ||   102
       Headbutt          |    13 |     7 ||    20
  Use: Potion            |       |     1 ||     1
  Eat: Chunk             |     2 |       ||     2
Armor: Animal skin       |     8 |     7 ||    15
Dodge: Dodged            |    52 |    15 ||    67
       Rpst.: Falchion   |    18 |     5 ||    23
